 Dungeon Crawl Stone Soup version 0.24-a0-284-g9fb9971df1 (console) character file.

Game seed: 12753900108979737824

1661 Abuh the Cleaver (level 8, -5/68 HPs)
             Began as a Deep Dwarf Fighter on May 6, 2019.
             Slain by a centaur
             ... wielding a cursed -3 shortbow
              (8 damage)
             ... on level 6 of the Dungeon.
             The game lasted 00:22:42 (4634 turns).

Abuh the Cleaver (Deep Dwarf Fighter)               Turns: 4634, Time: 00:22:43

Health: -5/68      AC:  2    Str: 22    XL:     8   Next: 69%
Magic:  12/13      EV:  8    Int:  9    God:
Gold:   238        SH:  9    Dex: 12    Spells: 19/19 levels left

rFire    + . .     SeeInvis .   a - +0 war axe
rCold    + . .     Gourm    +   c - +0 shield
rNeg     . . .     Faith    .   (no armour)
rPois    .         Spirit   .   t - +0 helmet
rElec    .         Reflect  .   y - scarf {rC+ rF+}
rCorr    .         Harm     .   h - +0 pair of gloves
MR       +....                  (no boots)
Stlth    +.........             l - amulet of the gourmand
HPRegen  0.00/turn              (no ring)
MPRegen  0.13/turn              (no ring)

@: non-regenerating
A: damage resistance, heal wounds, sense surroundings 1, no regeneration
a: Heal Wounds


You were on level 6 of the Dungeon.
You were very full.

You visited 2 branches of the dungeon, and saw 7 of its levels.
You also visited: Sewer.

You collected 238 gold pieces.

Inventory:

Hand Weapons
 a - a +0 war axe (weapon)
 F - a +2 mace of protection
   (You took it off an orc on level 6 of the Dungeon)
Armour
 b - a +0 scale mail
 c - a +0 shield (worn)
 f - a +1 chain mail
   (You found it on level 1 of the Dungeon)
 h - a +0 pair of gloves (worn)
   (You found it on level 3 of the Dungeon)
 k - a +0 ring mail
   (You found it on level 1 of the Dungeon)
 t - a +0 helmet (worn)
   (You found it on level 3 of the Dungeon)
 u - a scarf of repulsion
   (You found it on level 4 of the Dungeon)
 y - a scarf of resistance (worn)
   (You found it on level 4 of the Dungeon)
 E - a +0 ring mail
   (You found it on level 5 of the Dungeon)
 H - a +0 plate armour
   (You took it off an orc warrior on level 6 of the Dungeon)
 I - a +0 scale mail
   (You found it on level 5 of the Dungeon)
 J - a +0 ring mail
   (You found it on level 5 of the Dungeon)
Jewellery
 l - an amulet of the gourmand (around neck)
   (You found it on level 1 of the Dungeon)
 A - an uncursed ring of see invisible {unknown}
   (You found it on level 4 of the Dungeon)
Scrolls
 g - 3 scrolls of immolation {unknown}
 i - 3 scrolls of identify {@r1}
 j - 3 scrolls of teleportation {unknown}
 p - a scroll of enchant weapon {unknown}
 s - 3 scrolls of enchant armour
 v - a scroll of magic mapping {unknown}
 x - a scroll of remove curse {unknown}
 z - a scroll of torment {unknown}
 C - a scroll of fog {unknown}
 D - a scroll of blinking {unknown}
Potions
 d - 2 potions of might
 m - 2 potions of haste {unknown}
 n - 3 potions of curing {unknown}
 o - 2 potions of invisibility {unknown}
 q - a potion of magic {unknown}
 r - a potion of brilliance {unknown}
 w - 2 potions of heal wounds {unknown}
 B - 2 potions of flight {unknown}
 G - a potion of cancellation {unknown}
Comestibles
 e - 8 rations {!d}


   Skills:
 - Level 2.6 Fighting
 + Level 9.2 Axes
 - Level 3.2 Armour
 - Level 3.2 Shields
 + Level 6.1 Spellcasting


You had 19 spell levels left.
You didn't know any spells.
Your spell library was empty.

Dungeon Overview and Level Annotations

Branches:
Dungeon (6/15)             Temple (1/1) D:4

Altars:
Ashenzari
Cheibriados
Dithmenos
Elyvilon
Fedhas
Gozag
Kikubaaqudgha
Nemelex Xobeh
Okawaru
Qazlal
Ru
Sif Muna
Trog
Uskayaw
Wu Jian
Xom
Yredelemnul
Zin
The Shining One

Annotations:
D:4 2 transporters, runewalsh's ghost, amateur OpWz


Innate Abilities, Weirdness & Mutations

You are resistant to damage.
You can heal yourself by infusing magical energy.
You passively map a small area around you.
You do not regenerate.


Message History

You barely miss the ice beast.
The centaur hits the freed slave!
The centaur closely misses the freed slave.
The freed slave barely misses the centaur.
The ice beast hits you.
* * * LOW HITPOINT WARNING * * *
The ice beast freezes you. You resist.
* * * LOW HITPOINT WARNING * * *
You hit the ice beast.
The centaur barely misses the freed slave.
The freed slave hits the centaur but does no damage.
The ice beast hits you.
* * * LOW HITPOINT WARNING * * *
The ice beast freezes you. You resist.
* * * LOW HITPOINT WARNING * * *
The centaur hits the freed slave.
You hit the ice beast.
The centaur barely misses the freed slave.
You block the ice beast's attack.
The freed slave completely misses the centaur.
The centaur hits the freed slave.
Your shield prevents you from hitting the ice beast.
The ice beast hits you.
* * * LOW HITPOINT WARNING * * *
The ice beast freezes you. You resist.
The freed slave closely misses the centaur.
The centaur misses the freed slave.
You slash the ice beast!
The centaur hits the freed slave.
The freed slave dies!
The ice beast hits you but does no damage.
The ice beast barely misses you.
Unknown command.
You slash the ice beast!
You kill the ice beast!
The centaur wields a +0 shortbow.
The centaur shoots an arrow.
The arrow hits you!
* * * LOW HITPOINT WARNING * * *
The centaur wields a cursed -3 shortbow.
The centaur shoots an arrow.
You block the arrow.
The centaur shoots an arrow.
You block the arrow.
The centaur hits you with a cursed -3 shortbow.
* * * LOW HITPOINT WARNING * * *
The centaur unwields a +0 shortbow.
You block the centaur's attack. x2
Items here: ) [[ †† a +2 whip of freezing; a +0 robe; a +0 animal skin; the big kobold corpse of Pikel a human corpse You barely miss the centaur.
You hit the centaur. The centaur hits you!
* * * LOW HITPOINT WARNING * * *
The centaur barely misses you. The centaur closely misses you.
You fail to use your ability.
The centaur closely misses you. You block the centaur's attack.
The centaur hits you with a cursed -3 shortbow!
You die...

* ##* .. , * ,
#.#. ##### * *
.....###<..##
.........#..####
*
#.##.##.###....,,
* , #..#..#### ,,
*, ##...####### *
*#.#####........
*#....(@c####...
,
*#######c[......
, , * #[####.## ,
* ..., .... * * ,
, .....#* * *
.....# , , ,*
#.....# * * , * ,
, , *


You could see 2 centaurs.

Vanquished Creatures
  Pikel (D:6)
  Grinder (D:5)
  An ice beast (D:6)
  2 slaves (D:6)
  A phantom (D:5)
  An orc warrior (D:6)
  An ogre (D:5)
  A bullfrog (Sewer)
  A crimson imp (D:6)
  3 orc priests
  2 orc wizards
  A centaur skeleton (D:6)
  3 worker ants (D:4)
  A worker ant zombie (D:3)
  14 adders
  9 oozes
  An adder skeleton (D:5)
  3 worms
  12 leopard geckos
  8 orcs
  11 ball pythons
  9 bats
  11 giant cockroaches
  8 goblins
  4 hobgoblins
  3 jackals (D:3)
  3 kobolds
  2 quokkas
  17 frilled lizards
  7 rats
142 creatures vanquished.

Vanquished Creatures (others)
  2 slaves (D:6)
2 creatures vanquished.

Grand Total: 144 creatures vanquished

Notes
Turn   | Place    | Note
-------+----------+-------------------------------------------
     0 | D:1      | Abuh the Deep Dwarf Fighter began the quest for the Orb.
     0 | D:1      | Reached XP level 1. HP: 20/20 MP: 1/1
   147 | D:1      | Reached skill level 3 in Axes
   147 | D:1      | Reached XP level 2. HP: 22/27 MP: 2/2
   921 | D:2      | Reached XP level 3. HP: 25/33 MP: 3/3
   990 | D:2      | Reached skill level 4 in Axes
  1327 | D:3      | Reached skill level 1 in Spellcasting
  1327 | D:3      | Reached XP level 4. HP: 40/40 MP: 5/5
  1603 | D:3      | Found a bloodstained altar of Trog.
  1605 | D:3      | Found an ornate altar of the Wu Jian Council.
  1704 | D:3      | Reached XP level 5. HP: 44/46 MP: 6/6
  1725 | D:3      | Reached skill level 5 in Axes
  2178 | D:4      | Found a staircase to the Ecumenical Temple.
  2183 | D:4      | Found a shimmering altar of Xom.
  2193 | Temple   | Entered the Ecumenical Temple
  2472 | D:4      | Noticed runewalsh's ghost (amateur OpWz)
  2472 | D:4      | Noticed an ogre
  2473 | D:4      | Found a transporter.
  2473 | D:4      | Identified the +5 great mace of Butchery {elec, MR+ Dex+3}
  2473 | D:4      | Noticed an ogre
  2473 | D:4      | Noticed an ogre
  2475 | D:4      | Found a transporter.
  2704 | D:4      | Reached XP level 6. HP: 31/55 MP: 7/9
  2795 | D:4      | Reached skill level 6 in Axes
  2800 | D:4      | Found a glowing drain.
  2807 | Sewer    | Entered a sewer
  3180 | Sewer    | Reached XP level 7. HP: 48/61 MP: 11/11
  3447 | D:5      | Entered Level 5 of the Dungeon
  3648 | D:5      | You fall through a shaft!
  3703 | D:6      | Reached skill level 7 in Axes
  3931 | D:5      | Noticed Grinder
  3946 | D:5      | Killed Grinder
  3946 | D:5      | Reached skill level 5 in Spellcasting
  3946 | D:5      | Reached XP level 8. HP: 31/68 MP: 12/14
  4000 | D:5      | Reached skill level 8 in Axes
  4581 | D:6      | Noticed Pikel
  4622 | D:6      | Killed Pikel
  4622 | D:6      | Reached skill level 9 in Axes
  4633 | D:6      | HP: 3/68 [centaur (6)]
  4634 | D:6      | Slain by a centaur

Levels and vault maps discovered:
D:1:      evilmike_arrival_crescent, layout_basic
D:2:      layout_rooms, first_ration
D:3:      wander_river, layout_basic, chequers_temple_overflow_statue_of_worship
D:4:      layout_rooms, lemuel_doored_altar, minmay_temple_entry_mist,
          lightli_sewer_entry_pipes, gammafunk_ghost_smash
D:5:      layout_cave_pods, uniq_grinder
D:6:      layout_loops_ring, minmay_misc_feat_roman, uniq_pikel
Temple:   lightli_temple_of_artemis

Skill      XL: |  1  2  3  4  5  6  7  8 |
---------------+-------------------------+-----
Axes           | 3 4 5 6 7 9 |  9.2
Spellcasting   | 1 2 3 5 6 |  6.1
Fighting       | |  2.6
Armour         | |  3.2
Shields        | |  3.2

Action                   |  1- 3 |  4- 6 |  7- 9 || total
-------------------------+-------+-------+-------++-------
Melee: War axe           |   138 |   337 |   123 ||   598
 Abil: Heal Wounds       |     1 |     3 |    15 ||    19
  Use: Scroll            |       |     2 |       ||     2
  Eat: Chunk             |    16 |     6 |     5 ||    27
Armor: Scale mail        |    14 |       |       ||    14
       Chain mail        |    65 |   205 |    24 ||   294
       Plate armour      |       |       |     8 ||     8
       Skin              |       |       |     9 ||     9
Dodge: Dodged            |    39 |    74 |    40 ||   153
Block: Shield            |    78 |   208 |    77 ||   363

Table legend:
 A = Non-vault XP
 B = Vault XP
 C = Vault XP percentage of total XP
 D = Non-vault monster count
 E = Vault monster count
 F = Vault count percentage of total count
                 A         B        C        D         E       F
            +---------+---------+-------+---------+---------+-------
      Total |    1127 |    1246 |  52.5 |      85 |      55 |  39.3
            +---------+---------+-------+---------+---------+-------
        D:1 |      38 |       0 |   0.0 |      23 |       0 |   0.0
        D:2 |      32 |       0 |   0.0 |      16 |       0 |   0.0
        D:3 |     150 |       0 |   0.0 |      17 |       0 |   0.0
        D:4 |     238 |      41 |  14.7 |      16 |       4 |  20.0
        D:5 |     249 |     286 |  53.5 |       4 |       1 |  20.0
        D:6 |     420 |     641 |  60.4 |       9 |       1 |  10.0
      Sewer |       0 |     278 | 100.0 |       0 |      49 | 100.0
            +---------+---------+-------+---------+---------+-------
